 Dungeon Crawl Stone Soup version 0.20.1-1-g8b1a95d (webtiles) character file.

176 vineage the Skirmisher (level 5, 0/42 HPs)
             Began as a Demonspawn Berserker on Aug 19, 2017.
             Was a Priest of Trog.
             Slain by a scorpion (5 damage)
             ... on level 4 of the Dungeon.
             The game lasted 00:05:03 (2723 turns).

vineage the Skirmisher (Demonspawn Berserker)       Turns: 2723, Time: 00:05:05

Health: 0/42       AC:  9    Str: 18    XL:     5   Next: 30%
Magic:  5/5        EV: 12    Int:  9    God:    Trog [***...]
Gold:   106        SH:  0    Dex: 12    Spells: 4/4 levels left

rFire    + . .     SeeInvis .   r - +0 great sword (protect)
rCold    + . .     Gourm    .   (shield currently unavailable)
rNeg     . . .     Faith    .   b - +0 animal skin
rPois    .         Spirit   .   (helmet restricted)
rElec    .         Reflect  .   (no cloak)
rCorr    .         Harm     .   (no gloves)
MR       ++...                  (no boots)
Stlth    ++........             (no amulet)
Regen    1.2/turn               w - ring of protection from cold
MPRegen  0.1/turn               (no ring)

@: lethally poisoned (0 -> 0), protection aura, regenerating
A: antennae 1, fire resistance 1, powered by pain 1
a: Berserk, Trog's Hand, Burn Spellbooks, Renounce Religion


You were on level 4 of the Dungeon.
You worshipped Trog.
Trog was most pleased with you.
You were not hungry.

You visited 1 branch of the dungeon, and saw 4 of its levels.

You collected 106 gold pieces.

Inventory:

Hand Weapons
 a - a +0 spear
 r - a +0 great sword of protection (weapon)
Armour
 b - a +0 animal skin (worn)
Jewellery
 w - a ring of protection from cold (left hand)
Wands
 t - a wand of clouds (3/9)
 u - a wand of random effects (28/48)
Scrolls
 e - a scroll of immolation {unknown}
 h - a scroll of fear {unknown}
 j - 3 scrolls of recharging
 k - 2 scrolls of remove curse {unknown}
 l - 2 scrolls of magic mapping {unknown}
 n - 3 scrolls of teleportation {unknown}
 p - 2 scrolls of blinking {unknown}
 v - 2 scrolls of amnesia {unknown}
 x - a scroll of noise {unknown}
Potions
 d - 2 potions of lignification {unknown}
 f - a potion of might
 g - 2 potions of curing
 i - a potion of ambrosia
 m - a potion of cancellation {unknown}
 o - a potion of degeneration {unknown}
 q - a potion of mutation {unknown}
Books
 s - Vehumet's Grimoire of Confrontation
   (You found it on level 2 of the Dungeon)

   Spells                             Type                      Level
   a - Magic Dart                     Conjuration                  1
   Trog disapproves of the use of such an item.
Comestibles
 c - 2 bread rations


   Skills:
 + Level 4.1 Fighting
 + Level 2.0 Long Blades
 + Level 3.6 Polearms
 + Level 1.9 Armour
 + Level 2.4 Dodging
 + Level 1.0 Stealth


You had 4 spell levels left.
You didn't know any spells.

Dungeon Overview and Level Annotations

Branches:
Dungeon (4/15)
 Temple: D:4-7

Altars:
Gozag
Kikubaaqudgha
Sif Muna
Vehumet

Annotations:
D:4 markt42's ghost, amateur GrFi


Innate Abilities, Weirdness & Mutations

You have a pair of small antennae on your head.
Your flesh is heat resistant. (rF+)
You sometimes gain a little power by taking damage.


Message History

The scorpion stings you but does no damage.
You barely miss the scorpion.
The scorpion is heavily wounded.
The scorpion stings you.
* * * LOW HITPOINT WARNING * * *
The scorpion stings you.
* * * LOW HITPOINT WARNING * * *
You feel better. The scorpion stings you.
* * * LOW HITPOINT WARNING * * *
You are lethally poisoned!
The scorpion poisons you!
Okay, then.
Your skin crawls.
You feel resistant to hostile enchantments.
You feel somewhat more hungry.
You feel sick. Markt42's ghost barely misses you.
You riposte.
You hit markt42's ghost.
Your weapon exudes an aura of protection.
Markt42's ghost is lightly damaged.
The scorpion stings you.
You die...

..# ..# # ###+
#.###.####
##...##...#.....
..%.............
...................#
..........Ws....... #..
#@.......
##..#######...###+##
#(.......##...##...#
#..................#
#...................+
.##....##.........#
..##+##'#####.........#
...........#..........#
...........#..........#


You could see a scorpion and markt42's ghost.

Vanquished Creatures
  Natasha (D:4)
  4 gnolls (D:3)
  2 adders (D:2)
  2 oozes (D:1)
  4 worms
  A dart slug (D:2)
  2 leopard geckos
  5 bats
  4 giant cockroaches
  7 goblins
  7 hobgoblins
  11 jackals
  A quokka (D:2)
  A ball python (D:4)
  4 frilled lizards
  8 kobolds
  9 rats
73 creatures vanquished.

Notes
Turn   | Place    | Note
-------+----------+-------------------------------------------
     0 | D:1      | vineage the Demonspawn Berserker began the quest for the Orb.
     0 | D:1      | Reached XP level 1. HP: 18/18 MP: 1/1
   246 | D:1      | Gained mutation: You have a pair of small antennae on your head. [demonic ancestry]
   246 | D:1      | Reached XP level 2. HP: 19/24 MP: 2/2
   596 | D:1      | Gained mutation: You sometimes gain a little power by taking damage. [demonic ancestry]
   596 | D:1      | Reached XP level 3. HP: 21/29 MP: 3/3
   870 | D:2      | Reached ** piety under Trog
  1022 | D:2      | HP: 1/29 [adder (1)]
  1377 | D:2      | Gained mutation: Your flesh is heat resistant. (rF+) [demonic ancestry]
  1377 | D:2      | Reached XP level 4. HP: 25/37 MP: 4/4
  1425 | D:2      | Found an opulent altar of Gozag.
  1693 | D:2      | Reached skill level 4 in Fighting
  1719 | D:2      | Found an ancient bone altar of Kikubaaqudgha.
  1724 | D:2      | Found a deep blue altar of Sif Muna.
  1726 | D:2      | Found a radiant altar of Vehumet.
  1729 | D:2      | Identified Vehumet's Grimoire of Confrontation
  2150 | D:3      | Reached *** piety under Trog
  2473 | D:3      | Reached skill level 1 in Long Blades
  2474 | D:3      | Reached skill level 1 in Stealth
  2477 | D:3      | Reached XP level 5. HP: 23/42 MP: 5/5
  2689 | D:4      | Noticed Natasha
  2694 | D:4      | Killed Natasha
  2719 | D:4      | Noticed markt42's ghost (amateur GrFi)
  2721 | D:4      | HP: 1/42 [scorpion (4)]
  2723 | D:4      | Slain by a scorpion

Skill      XL: |  1  2  3  4  5 |
---------------+----------------+-----
Polearms       | 3 |  3.6
Dodging        | 2 |  2.4
Fighting       | 4 |  4.1
Long Blades    | 1 2 |  2.0
Stealth        | 1 |  1.0
Armour         | |  1.9

Action                   |  1- 3 |  4- 6 || total
-------------------------+-------+-------++-------
Melee: Spear             |   174 |     9 ||   183
       Great sword       |       |    97 ||    97
Invok: Trog's Hand       |       |     1 ||     1
  Use: Scroll            |     2 |     1 ||     3
       Potion            |     1 |     3 ||     4
 Stab: Sleeping          |     2 |     2 ||     4
  Eat: Royal jelly       |     1 |       ||     1
       Meat ration       |       |     1 ||     1
       Chunk             |       |     1 ||     1
Armor: Animal skin       |    17 |    37 ||    54
Dodge: Dodged            |    72 |    98 ||   170
       Rpst.: Great sword |       |    23 ||    23
